Zazza, neutral female human Tourist ----- ------ ------ |(..| ||...| # |....| ----- |.<.+#######+....| --------- |....| |...| |...| |.....# |.......-#### |....| |...| -.---#######-....|# |.......| # |....| #+...| ################ ------# |.......| ##.....| #|....# # ### # # |.......| ---|-- #-----# ### # # |.i.....| # # # # # # |@.f....| # # ### # # --------- ### # # ------|--- # # # ### |........| ### ### # # # |........| #------ # ############# ##-........| #|.[))| ----.---------# # # --.-- # |........| #|.).)| |............|### # |....### ---------- #-..))| |............-# ##->..| # |.).)| |............| |..^| |...[| -------------- ----- ------ Zazza the Sightseer Experience level: 4 Strength: 10 Dexterity: 13 Constitution: 16 Intelligence: 10 Wisdom: 8 Charisma: 18 Health: 0(35) Energy: 17(17) Def: 1 Gold: 1277 Moves: 1448 Dungeon seed: VEH_7rm4N2CXemy8 Game ID: Zazza_1598376313 Your Inventory: Coins $ - 1277 gold pieces Weapons a - 33 +2 darts (in quiver) l - a +0 spear r - a +0 elven dagger u - a +0 orcish dagger x - a +0 silver saber (weapon in hand) z - a +0 dagger A - a +0 knife Armor e - an uncursed +0 Hawaiian shirt (being worn) y - an uncursed +0 pair of jumping boots (being worn) N - an uncursed +0 pair of water walking boots Y - an uncursed +0 orcish helm Comestibles b - 2 uncursed slime molds d - 7 uncursed food rations f - 2 uncursed tripe rations Scrolls h - an uncursed scroll of magic mapping i - a blessed scroll of magic mapping o - a blessed scroll of taming Spellbooks B - an uncursed spellbook of restore ability Potions g - 2 uncursed potions of extra healing m - an uncursed potion of monster detection Rings s - an uncursed ring of cold resistance (on left hand) Wands p - a wand of locking (0:3) Tools j - an expensive camera (0:38) k - an uncursed credit card Gems n - an uncursed worthless piece of white glass q - an uncursed worthless piece of orange glass Spells and supernatural/magical abilities: Name Level Category Fail Memory R - restore ability 4 healing 100% 100% W - pray for help -- divine ? -- Y - supernatural jump -- ability ? -- Your skills at the end: Fighting Skills Weapon Skills dart [Basic] Spellcasting Skills Final Attributes: You were stridently aligned. You were cold resistant. You could jump. You are dead. Vanquished creatures: a large mimic a small mimic a shrieker a homunculus an iguana a hobbit a hobgoblin a green mold a gecko 2 foxes a goblin a sewer rat 3 grid bugs 3 lichens a newt 20 creatures vanquished. Voluntary challenges: You used a wielded weapon 7 times, starting on turn 1087. You read items or engraved 23 times, starting on turn 311. You never genocided any monsters. You never polymorphed an object. You never changed form. You used no wishes. You never split a pudding. You wrote Elbereth's name 2 times, starting on turn 469. You never violated your personal moral code. Dungeon overview: The Dungeons of Doom: levels 1 to 4 Level 1 a long staircase Level 2 a scroll shop, an altar to Blind Io, a fountain a long staircase Level 3 Level 4 <- You were here a weapon shop History has recorded: On T:1 you entered the Dungeons of Doom to retrieve the Amulet of Yendor! On T:180 you reached level 2 of The Dungeons of Doom. On T:457 you reached level 3 of The Dungeons of Doom. On T:919 you reached level 4 of The Dungeons of Doom. On T:1079 you advanced to experience level 2. On T:1090 you advanced to experience level 3. On T:1248 you advanced to experience level 4. Score breakdown: Gold: 729 ( 9740 points) Experience: 4 levels ( 9649 points) Exploration: 4 levels ( 8.16%) ( 7500 points) Discoveries: 3 items ( 1.01%) ( 3010 points) Valuables value: (no points given unless you survive) Artifact value: 0 ( 0 points) Variety of kills: 15 monsters ( 3.94%) ( 5952 points) Turncount: 1448 turns ( 0 points) Survival: died (score multiplied by 80%) Total score: 28680 Latest messages: Armand misses the imp. (2x) You see here an iron skull cap. Y - an iron skull cap. The imp hits! Armand misses the imp. (3x) You hear some noises. You miss the imp. The imp hits! You hit the imp! Your silver saber sears the imp's flesh! The imp hits! You miss the imp. The imp hits! You miss the imp. The imp hits! Armand misses the imp. You miss the imp. The imp hits! Armand misses the imp. (2x) You miss the imp. The imp hits! Armand misses the imp. You miss the imp. The imp hits! You die... Final status: Aloha Zazza the Tourist, killed by an imp... You died in The Dungeons of Doom on dungeon level 4 with 28680 points, and 1277 pieces of gold, after 1448 moves. You were level 4 with a maximum of 35 hit points when you died.